 Dungeon Crawl Stone Soup version 0.28.0-45-g0d030f2227 (webtiles) character file.

Game seed: 5351069931195670160

2008 Kziril the Fighter (level 9, -6/60 HPs)
             Began as a Gargoyle Fighter on Apr 20, 2022.
             Was a Follower of the Shining One.
             Killed from afar by Maggie (27 damage)
             ... with a bolt of fire
             ... on level 7 of the Dungeon.
             The game lasted 00:12:44 (6464 turns).

Kziril the Fighter (Gargoyle Fighter)               Turns: 6464, Time: 00:12:44

Health: -6/60      AC: 32    Str: 22    XL:     9   Next: 22%
Magic:  9/9        EV:  6    Int:  9    God:    the Shining One [*.....]
Gold:   391        SH:  5    Dex: 11    Spells: 8/8 levels left

rFire   . . .      SeeInvis .   y - +2 flail (protect)
rCold   . . .      Faith    .   c - +0 buckler
rNeg    + . .      Spirit   .   v - +0 plate armour
rPois   ∞          Reflect  .   f - +0 helmet
rElec   +          Harm     .   x - +1 cloak
rCorr   .          Rampage  .   (no gloves)
Will    .....                   e - +1 pair of boots
Stlth   ..........              (no amulet)
HPRegen 0.20/turn               (no ring)
MPRegen 0.11/turn               (no ring)

@: under a protective aura, glowing
A: sickness immunity, AC +6, negative energy resistance 1, electricity
resistance, torment resistance 1, petrification resistance
a: Renounce Religion, Divine Shield


You were on level 7 of the Dungeon.
You worshipped the Shining One.
The Shining One was aware of your devotion.
You visited 2 branches of the dungeon, and saw 9 of its levels.

You collected 391 gold pieces.

Inventory:

Hand Weapons
 y - a +2 flail of protection (weapon)
Missiles
 q - a throwing net (quivered)
Armour
 c - a +0 buckler (worn)
 e - a +1 pair of boots (worn)
 f - a +0 helmet (worn)
 v - a +0 plate armour (worn)
 x - a +1 cloak (worn)
Jewellery
 a - a ring of flight
Wands
 m - a wand of mindburst (11)
 o - a wand of flame (15)
Scrolls
 b - a scroll of immolation {unknown}
 g - 3 scrolls of silence {unknown}
 h - 4 scrolls of identify {unknown}
 i - 3 scrolls of enchant armour {unknown}
 j - a scroll of magic mapping {unknown}
 k - a scroll of vulnerability {unknown}
 n - 2 scrolls of teleportation {unknown}
 p - a scroll of torment {unknown}
 s - a scroll of noise {unknown}
 u - 3 scrolls of fog {unknown}
 z - a scroll of holy word {unknown}
Potions
 d - a potion of might
 l - 2 potions of degeneration {unknown}
 r - 2 potions of cancellation {unknown}
 t - a potion of magic {unknown}
 w - a potion of curing {unknown}


   Skills:
 * Level 8.5 Fighting
 + Level 5.6 Maces & Flails
 + Level 6.7 Armour
 + Level 6.8 Shields


You had 8 spell levels left.
You didn't know any spells.
Your spell library contained the following spells:

 Spells                   Type           Power      Damage    Failure   Level
 Magic Dart               Conj           0%         1d3       100%        1
 Blink                    Tloc           0%         N/A       100%        2
 Call Imp                 Summ           0%         N/A       100%        2
 Searing Ray              Conj           0%         2d4       100%        2
 Mephitic Cloud           Conj/Pois/Air  0%         N/A       100%        3
 Tukima's Dance           Hex            0%         N/A       100%        3
 Animate Dead             Necr           0%         N/A       100%        4
 Fulminant Prism          Conj/Hex       0%         3d6       100%        4
 Passage of Golubria      Tloc           0%         N/A       100%        4
 Borgnjor's Vile Clutch   Necr/Erth      0%         N/A       100%        5
 Manifold Assault         Tloc           0%         N/A       100%        5
 Yara's Violent Unravell  Hex/Tmut       0%         3d3       100%        5
 Death Channel            Necr           0%         N/A       100%        6
 Storm Form               Tmut/Air       0%         N/A       100%        7


Dungeon Overview and Level Annotations

Branches:
Dungeon (8/15)             Temple (1/1) D:5
   Lair: D:8-11

Altars:
Ashenzari
Dithmenos
Elyvilon
Fedhas
Gozag
Makhleb
Nemelex Xobeh
Okawaru
Uskayaw
Wu Jian
Yredelemnul
Zin
The Shining One

Shops:
D:1 [=*   D:4 ?   D:7 (

Annotations:
D:6 2 transporters, CryoSword's ghost, novice OgBe
D:7 Maggie


Innate Abilities, Weirdness & Mutations

You are immune to sickness and miasma.
Your stone body is resilient. (AC +6)
You are immune to poison.
You resist negative energy. (rN+)
You are resistant to electric shocks. (rElec)
You are resistant to unholy torment.
You are immune to petrification.


Message History

You hit Maggie.
Maggie is lightly wounded.
Maggie hits you with a +2 morningstar of draining.
Maggie hits you but does no damage.
You barely miss Maggie.
Maggie is lightly wounded.
Maggie hits you with a +2 morningstar of draining.
You thump Maggie!
Maggie is moderately wounded.
Maggie hits you with a +2 morningstar of draining.
You completely miss Maggie.
Maggie is moderately wounded.
Maggie casts a spell at you. The bolt of fire hits you.
You thump Maggie!
Maggie is heavily wounded.
Maggie hits you with a +2 morningstar of draining.
You hit Maggie.
Maggie is heavily wounded.
Maggie hits you with a +2 morningstar of draining!
You sock Maggie!
Maggie is severely wounded.
Maggie hits you but does no damage.
Maggie hits you with a +2 morningstar of draining.
You hit Maggie.
Maggie is severely wounded.
Maggie says, "Leave now, and tell all of Margery's mercy!"
You block Maggie's attack.
You barely miss Maggie.
Maggie is severely wounded.
Maggie hits you but does no damage.
You barely miss Maggie.
Maggie is severely wounded.
You break out of your daze.
Maggie hits you but does no damage.
You hit Maggie.
Maggie is severely wounded.
Maggie points at you and mumbles some strange words.
The bolt of fire hits you!!
You die...

#.....#
#......
#.....##......
#.............
#..........##
##.8...8..##
##........#
#8.<.∩.>.8#
##.......##
##8##@8## ##
#.@# #...#
#...# ....#
....# #....#
......


You could see Maggie.

Vanquished Creatures
  4 yaks
  A water moccasin (D:6)
  A sky beast (D:5)
  A necrophage (D:6)
  2 centaurs (D:6)
  2 ogres
  Blork the orc (D:4)
  A bullfrog (D:6)
  A wyvern zombie (D:6)
  A scorpion (D:5)
  2 howler monkeys
  A centaur zombie (D:6)
  A hound (D:5)
  A bullfrog zombie (D:6)
  A jelly (D:4)
  A gnoll shaman (D:6)
  2 orc priests
  A centaur skeleton (D:6)
  An orc wizard (D:4)
  7 gnolls
  8 adders
  2 shadow imps (D:6)
  A white imp (D:7)
  17 orcs
  9 bats
  5 endoplasms
  3 goblins (D:3)
  2 hobgoblins
  3 jackals (D:4)
  A quokka (D:1)
  7 ball pythons
  3 frilled lizards
  8 kobolds
  7 rats
109 creatures vanquished.

Notes
Turn   | Place    | Note
-------+----------+-------------------------------------------
     0 | D:1      | Kziril the Gargoyle Fighter began the quest for the Orb.
     0 | D:1      | Reached XP level 1. HP: 14/14 MP: 1/1
    49 | D:1      | Found Toteack's Jewellery Shop.
   116 | D:1      | Found a faded altar of an unknown god.
   154 | D:1      | Reached XP level 2. HP: 19/19 MP: 2/2
   162 | D:1      | Found Joadof's Antique Armour Shop.
   221 | D:1      | Reached XP level 3. HP: 6/24 MP: 3/3
   631 | D:1      | Found Roklugix's Assorted Antiques.
   769 | D:1      | You fall into a shaft and drop 1 floor!
  1463 | D:2      | Reached XP level 4. HP: 20/29 MP: 4/4
  1887 | D:3      | Reached skill level 4 in Fighting
  1967 | D:3      | Reached XP level 5. HP: 33/33 MP: 5/5
  2468 | D:5      | Entered Level 5 of the Dungeon
  2623 | D:5      | Found a staircase to the Ecumenical Temple.
  2686 | D:4      | Found Alaorph's Magic Scroll Emporium.
  2941 | D:4      | Noticed Blork the orc
  2958 | D:4      | Killed Blork the orc
  2959 | D:4      | Reached XP level 6. HP: 24/40 MP: 6/6
  3345 | Temple   | Entered the Ecumenical Temple
  3606 | Temple   | Became a worshipper of the Shining One
  3727 | D:5      | Reached skill level 5 in Fighting
  3947 | D:5      | Found a burning altar of Makhleb.
  4073 | D:5      | Reached skill level 5 in Shields
  4073 | D:5      | Reached XP level 7. HP: 19/44 MP: 7/7
  4264 | D:5      | Found an iron altar of Okawaru.
  4315 | D:5      | Noticed a yak
  4318 | D:5      | Noticed a yak
  4321 | D:5      | Noticed a yak
  4321 | D:5      | Noticed a yak
  4382 | D:4      | Killed a yak
  4383 | D:4      | Reached skill level 6 in Fighting
  4383 | D:4      | Reached skill level 5 in Armour
  4666 | D:4      | Killed a yak
  4763 | D:4      | Killed a yak
  4764 | D:4      | Reached XP level 8. HP: 23/52 MP: 8/8
  4944 | D:5      | Killed a yak
  4945 | D:5      | Reached skill level 7 in Fighting
  5436 | D:6      | Reached skill level 5 in Maces & Flails
  5674 | D:6      | Reached skill level 8 in Fighting
  5762 | D:6      | Reached XP level 9. HP: 58/59 MP: 9/9
  5778 | D:6      | Found a transporter.
  5778 | D:6      | Noticed an ancient zyme
  5887 | D:6      | Reached * piety under the Shining One
  6204 | D:6      | Found a transporter.
  6399 | D:6      | Noticed CryoSword's ghost (novice OgBe)
  6432 | D:7      | Found Itulinge's Weapon Shop.
  6445 | D:7      | Noticed Maggie
  6464 | D:7      | Killed from afar by Maggie

Illustrated notes

Levels and vault maps discovered:
D:1:      dpeg_arrival_rooms_c, layout_rooms,
          shapermc_ecumenical_altar_mp_ritualfount, serial_shops, shop,
          shop_statue, shop_coins
D:2:      layout_loops_ring, minmay_unequal
D:3:      layout_basic, interstate_on_off
D:4:      layout_basic, nicolae_inconvenience_store, uniq_blork_the_orc
D:5:      layout_loops_ring, mainiacjoe_overflow_alcove_4,
          lightli_temple_of_fire, minmay_temple_entry_statues_pillars,
          kennysheep_nondescript
D:6:      layout_loops_ring, gammafunk_ghost_abyssal_escape,
          minmay_chambers_of_fives
D:7:      layout_cave_pods, nicolae_hepliaklqana_hazy_memory, serial_shops,
          nicolae_stop_n_shop_2, uniq_joseph, uniq_maggie
D:8:      layout_loops_cross, grunt_temple_overflow_magic_moments,
          nicolae_qazlal_scattered_showers
Temple:   minmay_temple_curvy_loop

Skill      XL: |  1  2  3  4  5  6  7  8 |
---------------+-------------------------+-----
Shields        | 4 5 6 |  6.8
Fighting       | 4 5 6 8 |  8.5
Armour         | 4 5 6 |  6.7
Maces & Flails | 3 4 5 |  5.6

Action                   |  1- 3 |  4- 6 |  7- 9 || total
-------------------------+-------+-------+-------++-------
Melee: Flail             |    76 |    14 |    58 ||   148
       Whip              |       |   128 |   176 ||   304
Armor: Scale mail        |    60 |       |       ||    60
       Chain mail        |       |    39 |       ||    39
       Plate armour      |       |    52 |   161 ||   213
Dodge: Dodged            |    49 |    33 |    34 ||   116
Block: Buckler           |    17 |    21 |    45 ||    83
